 Dungeon Crawl Stone Soup version 0.24-a0-779-g36f0aeb843 (webtiles) character file.

Game seed: 14470295801682847808, levelgen mode: deterministic

70 Arixos the Sneak (level 4, -3/25 HPs)
             Began as a Vampire Enchanter on Oct 8, 2019.
             Slain by Robin
             ... wielding a +2 short sword of venom
              (7 damage)
             ... on level 1 of the Dungeon.
             The game lasted 00:06:41 (1968 turns).

Arixos the Sneak (Vampire Enchanter)                Turns: 1968, Time: 00:06:42

Health: -3/25      AC:  0    Str:  3 (7)  XL:     4   Next: 4%
Magic:  0/7        EV: 21    Int: 13 (17) God:
Gold:   63         SH:  0    Dex: 16 (20) Spells: 1/7 levels left

rFire    . . .     SeeInvis +   (weapon currently unavailable)
rCold    + + .     Gourm    .   (shield currently unavailable)
rNeg     + + +     Faith    .   (armour currently unavailable)
rPois    ∞         Spirit   .   (helmet currently unavailable)
rElec    .         Reflect  .   (cloak currently unavailable)
rCorr    .         Harm     .   (gloves currently unavailable)
MR       .....                  (boots currently unavailable)
Stlth    +++++.....             (no amulet)
HPRegen  0.00/turn              (ring currently unavailable)
MPRegen  0.10/turn              (ring currently unavailable)

@: bat-form, flying, bloodless, regenerating quickly, very quick
A: tiny, no food, fangs 3, see invisible
a: Revivify, End Transformation


You were on level 1 of the Dungeon.
You were bloodless.
You were in vampire-bat-form.
You visited 1 branch of the dungeon, and saw 2 of its levels.

You collected 63 gold pieces.

Inventory:

Hand Weapons
 a - a +1 dagger (melded)
Armour
 b - a +0 robe (melded)
 o - a +2 pair of gloves (melded)
Scrolls
 d - 4 scrolls of identify {unknown}
 e - a scroll of magic mapping {unknown}
 f - a scroll of teleportation {unknown}
 i - a scroll of noise {unknown}
 j - a scroll of immolation {unknown}
 l - a scroll of amnesia {unknown}
 m - a scroll of remove curse {unknown}
Potions
 c - a potion of lignification {unknown}
 g - a potion of mutation {unknown}
 h - 2 potions of curing
 k - 2 potions of agility {unknown}
 n - a potion of heal wounds {unknown}


   Skills:
 + Level 1.2 Fighting
 + Level 2.0 Short Blades
 + Level 2.9 Dodging
 + Level 5.0 Stealth
 + Level 2.3 Spellcasting
 + Level 4.9 Hexes


You had one spell level left.
You knew the following spells:

 Your Spells              Type           Power        Failure   Level  Hunger
a - Ensorcelled Hibernat  Hex/Ice        #.....       14%         2    N/A
b - Corona                Hex            ##.....      3%          1    N/A
c - Confuse               Hex            ##......     10%         3    N/A

Your spell library contained the following spells:

 Spells                   Type           Power        Failure   Level  Hunger
 Tukima's Dance           Hex            ##......     10%         3    N/A
 Dazzling Spray           Conj/Hex       #.....       26%         3    N/A

Dungeon Overview and Level Annotations

Branches:
Dungeon (2/15)

Altars:

Annotations:
D:1 Robin


Innate Abilities, Weirdness & Mutations

You do not eat.
You do not regenerate when monsters are visible.
You are frail without blood (-20% HP).
You are immune to poison.
You have razor-sharp teeth.
You have supernaturally acute eyesight. (SInv)
((You can survive without breathing.))


Message History

The hobgoblin no longer looks unusually strong.
Robin roars a battlecry!
The hobgoblin goes into a battle-frenzy!
There is a stone staircase leading up here.
Robin barely misses you.
You climb upwards.
There is a stone staircase leading down here.
Casting: Confuse (safe; 9% risk of failure)
Confirm with . or Enter, or press ? or * to list all spells.
Okay, then.
You fail to use your ability.
Robin hits you with a +2 short sword of venom.
* * * LOW HITPOINT WARNING * * *
You fail to use your ability.
Robin hits you but does no damage.
You turn into a vampire bat.
Your +1 dagger melds into your body.
Your +2 pair of gloves melds into your body.
Your +0 robe melds into your body.
You feel weakened.
You feel dopey.
You feel clumsy.
Robin hits you with a +2 short sword of venom!
You die...

#............######
#..................
########.########........
#......#.# #........
#........# #........
#......### #........
#......### #........
#........#### #########
#......#b...#
########g...#
#....#############
#..>........[.....
#.#.##############
#.#.#........#####
#.#...............
#............##...
#............##.##


You could see Robin.

Vanquished Creatures
  Terence (D:2)
  An ooze (D:1)
  2 dart slugs
  2 leopard geckos
  A ball python (D:1)
  3 giant cockroaches
  6 goblins
  4 hobgoblins
  2 quokkas (D:2)
  2 bats (D:2)
  2 frilled lizards (D:2)
  3 kobolds (D:1)
  5 rats
34 creatures vanquished.

Notes
Turn   | Place    | Note
-------+----------+-------------------------------------------
     0 | D:1      | Arixos the Vampire Enchanter began the quest for the Orb.
     0 | D:1      | Reached XP level 1. HP: 13/13 MP: 3/3
   205 | D:1      | Reached XP level 2. HP: 16/16 MP: 5/5
   210 | D:1      | Learned a level 2 spell: Ensorcelled Hibernation
   746 | D:2      | Reached XP level 3. HP: 20/20 MP: 6/6
   751 | D:2      | Learned a level 3 spell: Confuse
   859 | D:2      | Noticed Terence
   866 | D:2      | Killed Terence
   866 | D:2      | Reached skill level 1 in Fighting
   866 | D:2      | Reached skill level 5 in Stealth
  1019 | D:2      | Noticed Robin
  1691 | D:2      | Reached XP level 4. HP: 12/25 MP: 2/7
  1968 | D:1      | Slain by Robin

Levels and vault maps discovered:
D:1:      minmay_arrival_solitary_statue, layout_basic, minmay_3d_cube
D:2:      layout_basic, kennysheep_flooded_box, uniq_terence, uniq_robin,
          uniq_crazy_yiuf_cottage

Skill      XL: |  1  2  3  4 |
---------------+-------------+-----
Fighting       | 1 |  1.2
Stealth        | 5 |  5.0
Short Blades   | 2 |  2.0
Dodging        | |  2.9
Spellcasting   | |  2.3
Hexes          | |  4.9

Action                   |  1- 3 |  4- 6 || total
-------------------------+-------+-------++-------
Melee: Dagger            |    63 |    21 ||    84
       Bite              |     4 |     3 ||     7
 Cast: Corona            |     1 |       ||     1
       Ensorcelled Hiber |    11 |     1 ||    12
       Confuse           |     1 |     3 ||     4
 Abil: Exsanguinate      |     1 |       ||     1
       Bat Form          |     1 |     1 ||     2
       End Transformatio |     1 |       ||     1
 Stab: Sleeping          |    23 |     1 ||    24
       Confused          |     1 |       ||     1
Armor: Robe              |    16 |     4 ||    20
Dodge: Dodged            |    35 |    11 ||    46

Table legend:
 A = Non-vault XP
 B = Vault XP
 C = Vault XP percentage of total XP
 D = Non-vault monster count
 E = Vault monster count
 F = Vault count percentage of total count
                 A         B        C        D         E       F
            +---------+---------+-------+---------+---------+-------
      Total |      54 |      47 |  46.5 |      26 |       8 |  23.5
            +---------+---------+-------+---------+---------+-------
        D:1 |      28 |       6 |  17.6 |      11 |       4 |  26.7
        D:2 |      26 |      41 |  61.2 |      15 |       4 |  21.1
            +---------+---------+-------+---------+---------+-------
